 Dungeon Crawl Stone Soup version 0.22-a0-779-g6f83d72c62 (webtiles) character file.

21471 Htamos the Warrior (level 12, 0/130 HPs)
             Began as a Minotaur Berserker on July 19, 2018.
             Was the Champion of Trog.
             Shot with an arrow by a centaur warrior (21 damage)
             ... on level 13 of the Dungeon.
             The game lasted 00:21:51 (15043 turns).

Htamos the Warrior (Minotaur Berserker)            Turns: 15043, Time: 00:21:51

Health: 0/130      AC: 14    Str: 30    XL:     12   Next: 54%
Magic:  3/3        EV: 11    Int:  7    God:    Trog [******]
Gold:   742        SH:  0    Dex: 10    Spells: 11/11 levels left

rFire    + . .     SeeInvis .   s - +2 broad axe (antimagic)
rCold    . . .     Gourm    .   (no shield)
rNeg     . . .     Faith    .   v - +5 scale mail "Caofot" {rF+ Str+3 Int+3 Stlth-}
rPois    .         Spirit   .   z - +1 hat
rElec    .         Reflect  .   o - +1 cloak {MR+}
rCorr    .         Harm     .   (no gloves)
MR       +....                  (no boots)
Stlth    ..........             (no amulet)
HPRegen  0.31/turn              (no ring)
MPRegen  0.08/turn              (no ring)

@: no status effects
A: retaliatory headbutt, horns 2
a: Berserk, Trog's Hand, Brothers in Arms, Renounce Religion


You were on level 13 of the Dungeon.
You worshipped Trog.
Trog was exalted by your worship.
You were not hungry.

You visited 1 branch of the dungeon, and saw 13 of its levels.

You collected 742 gold pieces.

Inventory:

Hand Weapons
 a - a +0 mace
 m - a +2 whip of draining
 s - a +2 antimagic broad axe (weapon)
Armour
 b - a +0 animal skin
 f - the +0 chain mail of the Camelopard {+Blink rC+ Dex+3}
   (You found it on level 10 of the Dungeon)

   It affects your dexterity (+3).
   It protects you from cold.
   It lets you blink.
 g - a +0 ring mail
 i - a +0 chain mail
 o - a +1 cloak of magic resistance (worn)
 r - a +0 ring mail
 v - the +5 scale mail "Caofot" (worn) {rF+ Str+3 Int+3 Stlth-}
   (You found it on level 8 of the Dungeon)

   It affects your strength (+3).
   It affects your intelligence (+3).
   It protects you from fire.
   It makes you less stealthy.
 z - a +1 hat (worn)
 C - a +1 plate armour
Jewellery
 q - an uncursed ring of stealth
 y - an uncursed ring of stealth
 A - an uncursed ring of wizardry
 D - a cursed -3 ring of dexterity
 N - a +5 ring of evasion
Wands
 p - a wand of flame (18)
 F - a wand of polymorph (16)
 G - a wand of iceblast (15)
 I - a wand of disintegration (3)
Scrolls
 d - a scroll of enchant weapon
 h - 11 scrolls of remove curse
 k - 4 scrolls of magic mapping
 l - a scroll of fear
 n - 3 scrolls of blinking
 w - 3 scrolls of teleportation
 H - a scroll of amnesia
 K - a scroll of silence {unknown}
 M - a scroll of holy word
Potions
 e - a potion of might {unknown}
 j - 2 potions of haste
 t - 3 potions of heal wounds
 u - a potion of mutation
 x - 4 potions of brilliance
 B - 7 potions of curing
 E - 3 potions of magic
 J - 2 potions of lignification
 L - 2 potions of ambrosia {unknown}
 O - a potion of degeneration {unknown}
Comestibles
 c - 23 rations


   Skills:
 * Level 19.0 Fighting
 + Level 14.4 Maces & Flails
 - Level 2.4 Armour
 - Level 2.1 Dodging


You had 11 spell levels left.
You didn't know any spells.
Your spell library was empty.

Dungeon Overview and Level Annotations

Branches:
Dungeon (13/15)            Temple (0/1) D:7            Lair (0/6) D:9
    Orc (0/2) D:12
 Vaults: D:13-14

Altars:
Cheibriados
Fedhas
Gozag
Kikubaaqudgha
Makhleb
Okawaru
Qazlal
Trog
Vehumet
Wu Jian
Xom
Yredelemnul
Zin
The Shining One

Shops:
D:5 (   D:13 :


Innate Abilities, Weirdness & Mutations

You reflexively headbutt those who attack you in melee.
You have a pair of horns on your head.


Message History

You see here 2 arrows.
The centaur warrior shoots an arrow.
The arrow hits you but does no damage.
The centaur warrior shoots an arrow.
The arrow hits you.
The centaur warrior shoots an arrow.
The arrow hits you.
You see here 3 arrows.
The centaur warrior shoots an arrow.
The arrow misses you.
The centaur warrior shoots an arrow.
The arrow closely misses you.
The centaur warrior shoots an arrow.
The arrow hits you.
You see here 4 arrows.
The centaur warrior shoots an arrow.
The arrow hits you.
The centaur warrior shoots an arrow.
The arrow hits you!
* * * LOW HITPOINT WARNING * * *
You see here 5 arrows.
The centaur warrior shoots an arrow.
The arrow hits you!
* * * LOW HITPOINT WARNING * * *
The centaur warrior shoots an arrow.
The arrow hits you!!
* * * LOW HITPOINT WARNING * * *
You see here 2 arrows.
The centaur warrior shoots an arrow.
The arrow hits you!!
You die...

......###...#######.#
...##^# ##### #.#
#...#.# ##.##
.###<.###### #.#.# .#
#.......########..##
(###.#...>............#
#......###......(###..#
##.##### #######.# #..#
#.# #@# #..# #.# #(#
#..# #.. #(# #..# ###
#(# #..# #.###..##
#cc.(....
......cTW.#..##
.............#
..>............


You could see 2 centaur warriors, a troll, a hungry ghost and a centaur.

Vanquished Creatures
  6 two-headed ogres
  2 unseen horrors
  An orc knight (D:11)
  A cyclops (D:13)
  An ugly thing (D:12)
  2 manticores
  Joseph (D:6)
  Maurice (D:10)
  A troll (D:12)
  9 slime creatures
  2 hippogriffs
  A vampire (D:13)
  3 wyverns
  A human (D:9)
  A wraith (D:12)
  9 yaks
  3 hogs (D:9)
  3 hungry ghosts (D:12)
  Eustachio (D:5)
  An acid dragon (D:11)
  A soldier ant (D:10)
  Duvessa (D:6)
  4 porcupines (D:9)
  Purgy (D:3)
  A sky beast (D:6)
  5 ice beasts
  3 black bears
  4 orc warriors
  5 ogres
  5 phantoms
  7 centaurs
  5 big kobolds
  8 bullfrogs
  Blork the orc (D:6)
  A gnoll sergeant (D:6)
  A wyvern zombie (D:12)
  Dowan (D:6)
  A wyvern skeleton (D:10)
  4 scorpions
  A water moccasin skeleton (D:12)
  3 troll zombies (D:12)
  8 wights
  6 killer bees
  7 howler monkeys
  A bullfrog zombie (D:5)
  5 crimson imps
  A quasit (D:9)
  2 centaur zombies
  9 hounds
  5 orc priests
  Crazy Yiuf (D:2)
  3 bullfrog skeletons
  2 iguanas
  3 jellies
  2 centaur skeletons
  Ijyb (D:5)
  Natasha (thrice) (D:3)
  8 orc wizards
  9 worker ants
  3 ogre zombies (D:12)
  A hound skeleton (D:4)
  A worker ant zombie (D:2)
  Robin (D:3)
  7 gnolls
  A howler monkey skeleton (D:5)
  14 adders
  2 shadow imps
  12 white imps (D:12)
  An ooze (D:4)
  An adder zombie (D:5)
  An adder skeleton (D:6)
  A worm (D:2)
  7 dart slugs
  6 leopard geckos
  36 orcs
  5 giant cockroaches
  10 hobgoblins
  7 jackals
  28 kobolds
  5 quokkas
  A ball python (D:1)
  7 bats
  2 frilled lizards (D:2)
  18 goblins
  2 goblin skeletons (D:12)
  3 goblin zombies (D:12)
  2 hobgoblin skeletons (D:12)
  A hobgoblin zombie (D:12)
  A jackal skeleton (D:4)
  11 orc zombies (D:12)
  10 rats
  A fungus (D:9)
  A plant (D:9)
399 creatures vanquished.

Vanquished Creatures (collateral kills)
  An ogre (D:6)
1 creature vanquished.

Vanquished Creatures (others)
  5 fungi (D:9)
5 creatures vanquished.

Grand Total: 405 creatures vanquished

Notes
Turn   | Place    | Note
-------+----------+-------------------------------------------
     0 | D:1      | Htamos the Minotaur Berserker began the quest for the Orb.
     0 | D:1      | Reached XP level 1. HP: 19/19 MP: 0/0
    64 | D:1      | Reached skill level 4 in Fighting
    67 | D:1      | Reached XP level 2. HP: 17/27 MP: 1/1
   537 | D:1      | Reached XP level 3. HP: 26/34 MP: 2/2
   731 | D:1      | Reached ** piety under Trog
  1054 | D:2      | Reached skill level 5 in Fighting
  1169 | D:2      | Found a faded altar of an unknown god.
  1278 | D:2      | Reached XP level 4. HP: 41/42 MP: 3/3
  1410 | D:2      | Found an iron altar of Okawaru.
  2019 | D:2      | Found a runed door.
  2161 | D:2      | Noticed Crazy Yiuf
  2167 | D:2      | Killed Crazy Yiuf
  2167 | D:2      | Reached skill level 6 in Fighting
  2274 | D:3      | Reached XP level 5. HP: 50/50 MP: 4/4
  2283 | D:3      | Noticed Robin
  2286 | D:3      | Reached skill level 5 in Maces & Flails
  2302 | D:3      | Killed Robin
  2546 | D:3      | You fall through a shaft for 3 floors!
  2552 | D:5      | Entered Level 5 of the Dungeon
  2552 | D:5      | Noticed Ijyb
  2565 | D:5      | Killed Ijyb
  2721 | D:5      | Found a blossoming altar of Fedhas.
  2727 | D:5      | Reached *** piety under Trog
  2773 | D:5      | Noticed a centaur
  2775 | D:5      | Noticed a phantom
  2786 | D:5      | Killed a centaur
  2786 | D:5      | Reached skill level 7 in Fighting
  2786 | D:5      | Reached XP level 6. HP: 19/60 MP: 5/5
  3138 | D:4      | Reached skill level 8 in Fighting
  3144 | D:4      | Reached XP level 7. HP: 61/68 MP: 6/6
  3349 | D:4      | Reached skill level 9 in Fighting
  3721 | D:3      | Noticed Natasha
  3725 | D:3      | Killed Natasha
  3766 | D:3      | Noticed Natasha
  3775 | D:3      | Killed Natasha
  3776 | D:3      | Noticed Natasha
  3780 | D:3      | Killed Natasha
  3828 | D:3      | Found a snail-covered altar of Cheibriados.
  3880 | D:3      | Noticed Purgy
  3887 | D:3      | Killed Purgy
  4348 | D:5      | Noticed Eustachio
  4362 | D:5      | Killed Eustachio
  4362 | D:5      | Reached **** piety under Trog
  4362 | D:5      | Reached skill level 10 in Fighting
  4362 | D:5      | Reached XP level 8. HP: 76/79 MP: 7/7
  4491 | D:5      | Found Nuakkiv's Antique Weapon Shop.
  5019 | D:6      | Found a basalt altar of Yredelemnul.
  5163 | D:6      | Found a shimmering altar of Xom.
  5163 | D:6      | Found a burning altar of Makhleb.
  5164 | D:6      | Found an opulent altar of Gozag.
  5164 | D:6      | Found a glowing golden altar of the Shining One.
  5164 | D:6      | Found a bloodstained altar of Trog.
  5168 | D:6      | Reached skill level 11 in Fighting
  5253 | D:6      | Found an ornate altar of the Wu Jian Council.
  5810 | D:6      | Reached ***** piety under Trog
  5810 | D:6      | Reached XP level 9. HP: 80/90 MP: 8/8
  6058 | D:6      | Reached skill level 12 in Fighting
  6199 | D:6      | Noticed Blork the orc
  6207 | D:6      | Killed Blork the orc
  6439 | D:6      | Noticed Duvessa
  6439 | D:6      | Noticed Dowan
  6452 | D:6      | Killed Duvessa
  6458 | D:6      | Killed Dowan
  6551 | D:7      | Noticed Joseph
  6566 | D:7      | Reached skill level 13 in Fighting
  6570 | D:7      | Reached skill level 10 in Maces & Flails
  6607 | D:6      | Killed Joseph
  6771 | D:7      | Found a stormy altar of Qazlal.
  6859 | D:7      | Found a staircase to the Ecumenical Temple.
  6990 | D:7      | Reached XP level 10. HP: 97/102 MP: 9/9
  7248 | D:8      | Reached skill level 14 in Fighting
  8349 | D:9      | Found a glowing silver altar of Zin.
  8379 | D:9      | Found a blossoming altar of Fedhas.
  8381 | D:9      | Found an ancient bone altar of Kikubaaqudgha.
  8439 | D:9      | Found a staircase to the Lair.
  8668 | D:9      | Reached skill level 15 in Fighting
  8700 | D:9      | Noticed a two-headed ogre
  8709 | D:9      | Received a gift from Trog
  8713 | D:9      | Killed a two-headed ogre
  8771 | D:9      | Noticed a two-headed ogre
  8781 | D:9      | Killed a two-headed ogre
  8934 | D:9      | Found a radiant altar of Vehumet.
  8936 | D:9      | Reached XP level 11. HP: 105/114 MP: 10/10
  9366 | D:9      | Reached skill level 16 in Fighting
  9564 | D:10     | Entered Level 10 of the Dungeon
  9604 | D:10     | Noticed a two-headed ogre
 10178 | D:10     | Killed a two-headed ogre
 10341 | D:10     | Killed an unseen horror
 10372 | D:10     | Got an ancient chain mail
 10383 | D:10     | Identified the cursed +0 chain mail of the Camelopard {+Blink rC+ Dex+3} (You found it on level 10 of the Dungeon)
 10475 | D:10     | Reached skill level 17 in Fighting
 10758 | D:10     | Noticed Maurice
 10772 | D:10     | Killed Maurice
 10772 | D:10     | Received a gift from Trog
 10858 | D:8      | Got a shimmering scale mail
 10869 | D:8      | Identified the +5 scale mail "Caofot" {rF+ Str+3 Int+3 Stlth-} (You found it on level 8 of the Dungeon)
 10954 | D:11     | Noticed a two-headed ogre
 10963 | D:11     | Killed a two-headed ogre
 11695 | D:11     | Noticed a two-headed ogre
 11700 | D:11     | Killed a two-headed ogre
 11901 | D:11     | Noticed an orc knight
 11924 | D:11     | Killed an orc knight
 12217 | D:11     | Killed an unseen horror
 12217 | D:11     | Reached XP level 12. HP: 107/127 MP: 3/11
 12441 | D:12     | Reached skill level 18 in Fighting
 12485 | D:12     | Found a staircase to the Orcish Mines.
 14429 | D:12     | Reached ****** piety under Trog
 14735 | D:13     | Noticed a two-headed ogre
 14746 | D:13     | Killed a two-headed ogre
 14746 | D:13     | Reached skill level 19 in Fighting
 14993 | D:13     | Found Fugif's Book Shoppe.
 15028 | D:13     | Noticed a centaur warrior
 15028 | D:13     | Noticed a centaur warrior
 15043 | D:13     | Shot with an arrow by a centaur warrior

Vault maps used:
D:1:      saegor_arrival_simple_d, minmay_small_reverse_x
D:2:      lemuel_coloured_pillars_altar, first_ration,
          chequers_ecumenical_altar_simple_redux, uniq_crazy_yiuf_cottage
D:3:      kennysheep_slug_shrine, uniq_robin, uniq_purgy, uniq_natasha
D:5:      basic_altar, serial_shops, shop, uniq_eustachio, uniq_ijyb
D:6:      cheibrodos_thug_alley, yredelemnul_altar_generic,
          grunt_temple_overflow_open, uniq_blork_the_orc, uniq_duvessa
D:7:      grunt_qazlal_clouds, minmay_temple_entry_junction, uniq_joseph
D:8:      cheibrodos_iron_armory
D:9:      grunt_temple_overflow_growth_and_decay, old_standard_altar,
          due_lair_maze_entry_diamond, basic_altar, grunt_livestock
D:10:     lemuel_old_faithful, uniq_maurice
D:12:     zombieorc1_lemuel, portal_ice_cave_entry_imps
D:13:     serial_shops, shop_fountains, shop, shop

Skill      XL: |  1  2  3  4  5  6  7  8  9 10 11 12 |
---------------+-------------------------------------+-----
Fighting       | 4 5 6 7 8 10 11 13 15 17 19 | 19.0
Maces & Flails | 4 5 6 7 8 10 12 13 14 | 14.4
Armour         | |  2.4
Dodging        | |  2.1

Action                   |  1- 3 |  4- 6 |  7- 9 | 10-12 || total
-------------------------+-------+-------+-------+-------++-------
Melee: Mace              |    66 |     9 |       |       ||    75
       Headbutt          |    16 |    24 |    92 |   180 ||   312
       Whip              |       |   100 |   352 |   409 ||   861
       Broad axe         |       |       |       |   248 ||   248
Invok: Berserk           |     1 |     3 |       |     5 ||     9
       Trog's Hand       |       |     1 |     1 |     2 ||     4
       Brothers in Arms  |       |       |     1 |       ||     1
Evoke: Wand              |       |       |       |    29 ||    29
  Use: Potion            |       |     1 |     2 |     3 ||     6
       Scroll            |       |     1 |       |    21 ||    22
 Stab: Distracted        |       |       |     1 |       ||     1
  Eat: Chunk             |     2 |     9 |    13 |    22 ||    46
       Ration            |       |       |       |     4 ||     4
Armor: Animal skin       |     3 |       |       |       ||     3
       Chain mail        |     7 |    55 |    36 |     9 ||   107
       Ring mail         |     1 |       |       |       ||     1
       Plate armour      |       |       |   134 |   134 ||   268
       Scale mail        |       |       |       |   136 ||   136
Dodge: Dodged            |    36 |    44 |   116 |   233 ||   429

Table legend:
 A = Spawn XP
 B = Non-spawn XP
 C = Spawn XP percentage of total XP
 D = Spawn monster count
 E = Non-spawn monster count
 F = Spawn count percentage of total count
 G = Total turns spent on level
                    A         B        C        D         E        F      G
               +---------+---------+-------+---------+---------+-------+---------
         Total |       0 |   30674 |   0.0 |       0 |     398 |   0.0 | 15043
               +---------+---------+-------+---------+---------+-------+---------
           D:1 |       0 |      58 |   0.0 |       0 |      29 |   0.0 |  1041
           D:2 |       0 |     137 |   0.0 |       0 |      23 |   0.0 |  1229
           D:3 |       0 |     314 |   0.0 |       0 |      32 |   0.0 |   848
           D:4 |       0 |     546 |   0.0 |       0 |      12 |   0.0 |   766
           D:5 |       0 |     922 |   0.0 |       0 |      19 |   0.0 |  1384
           D:6 |       0 |    2460 |   0.0 |       0 |      43 |   0.0 |  1368
           D:7 |       0 |    1253 |   0.0 |       0 |      22 |   0.0 |   528
           D:8 |       0 |     942 |   0.0 |       0 |      25 |   0.0 |  1242
           D:9 |       0 |    5983 |   0.0 |       0 |      43 |   0.0 |  1325
          D:10 |       0 |    4406 |   0.0 |       0 |      39 |   0.0 |  1219
          D:11 |       0 |    5217 |   0.0 |       0 |      33 |   0.0 |  1711
          D:12 |       0 |    6693 |   0.0 |       0 |      68 |   0.0 |  2065
          D:13 |       0 |    1743 |   0.0 |       0 |      10 |   0.0 |   317
               +---------+---------+-------+---------+---------+-------+---------
